[Event "fics rated crazyhouse match"]
[Site "fics, Oklahoma City, OK USA"]
[Date "2000.01.25"]
[White "Gobi"]
[WhiteElo "2317"]
[Black "LINDEGREN"]
[BlackElo "2297"]
[TimeControl "120+0"]
[Result "0-1"]

1. e4 Nf6 2. e5 Nd5 3. Bc4 e6 4. Nc3 Nf4 5. Qf3 Ng6 6. d4 
Nc6 7. Qe3 d6 8. exd6 Bxd6 9. P@d5 Nb4 10. Qe2 Qe7 11. dxe6 fxe6 
12. a3 Nxc2+ 13. Qxc2 P@d5 14. Bb5+ c6 15. Be2 P@e4 16. P@c5 Bf4 17. Bxf4 
Nxf4 18. N@d6+ Kd7 19. B@f1 P@d3 20. Bxd3 exd3 21. Bxd3 Nxg2+ 22. Kd1 B@h5+ 
23. P@e2 P@c4 24. Bxc4 dxc4 25. Nxc4 B@d5 26. Ne5+ Ke8 27. P@d6 Qf6 28. Nxd5 
exd5 29. B@e7 Qxf2 30. Qd2 B@f4 31. P@e3 Nxe3+ 32. Kc1 Nf1 
{Gobi forfeits on time} 0-1

[Event "fics rated crazyhouse match"]
[Site "fics, Oklahoma City, OK USA"]
[Date "2000.01.25"]
[White "LINDEGREN"]
[WhiteElo "2305"]
[Black "Gobi"]
[BlackElo "2309"]
[TimeControl "120+0"]
[Result "1-0"]

1. e4 e5 2. Nf3 Nc6 3. d4 exd4 4. Nxd4 Nf6 5. Nxc6 bxc6 6. Bd3 
Bc5 7. O-O d6 8. N@f5 Bxf5 9. exf5 P@e4 10. P@e6 exd3 11. exf7+ Kf8 
12. cxd3 B@h5 13. B@e2 Bxf7 14. P@h6 Rg8 15. hxg7+ Rxg7 16. P@g5 N@h4 17. d4 
Bxd4 18. Qxd4 Nxf5 19. Qd1 Ne4 20. P@f4 P@e5 21. Nc3 Nxc3 22. bxc3 exf4 
23. Bxf4 N@d5 24. P@g3 P@e5 25. B@h6 Nxh6 26. gxh6 Rg8 27. Be3 P@f4 28. N@f5 
fxe3 29. fxe3 
{Gobi forfeits on time} 1-0

[Event "fics rated crazyhouse match"]
[Site "fics, Oklahoma City, OK USA"]
[Date "2000.01.25"]
[White "Gobi"]
[WhiteElo "2301"]
[Black "LINDEGREN"]
[BlackElo "2313"]
[TimeControl "120+0"]
[Result "1-0"]

1. e4 Nf6 2. e5 Nd5 3. d4 e6 4. Nf3 d6 5. Bd3 Nc6 6. O-O 
Be7 7. exd6 cxd6 8. Nc3 Nxc3 9. bxc3 P@f5 10. N@h5 Rg8 11. Rb1 N@f6 
12. Ng3 Rb8 13. P@b5 Nd5 14. Bd2 Bd7 15. bxc6 Bxc6 16. c4 Nf6 17. d5 
exd5 18. Nxf5 P@e6 19. P@b5 Bd7 20. Nxe7 Kxe7 21. cxd5 Nxd5 22. B@h4+ f6 
23. c4 Nc7 24. Bb4 P@c5 25. Bxc5 dxc5 26. P@d6+ Ke8 27. P@e7 Qc8 28. Bxh7 
P@f7 29. Bxg8 Bxb5 30. R@f8+ Kd7 31. N@e5# 
{LINDEGREN resigns} 1-0

[Event "fics rated crazyhouse match"]
[Site "fics, Oklahoma City, OK USA"]
[Date "2000.01.25"]
[White "LINDEGREN"]
[WhiteElo "2305"]
[Black "Gobi"]
[BlackElo "2309"]
[TimeControl "120+0"]
[Result "1-0"]

1. e4 e5 2. Nf3 Nc6 3. d4 exd4 4. Nxd4 Nxd4 5. Qxd4 Nf6 6. Bc4 
N@e6 7. Bxe6 dxe6 8. Qxd8+ Kxd8 9. Nc3 B@e5 10. N@f3 Bxc3+ 11. bxc3 Nxe4 
12. Q@d3+ P@d5 13. B@h4+ P@f6 14. P@e5 N@g6 15. exf6 gxf6 16. Bxf6+ Nxf6 17. N@e5 
B@e8 18. Nxg6 hxg6 19. Bg5 P@e7 20. P@e5 Ne4 21. Bxe7+ Bxe7 22. P@f6 Nxf6 
23. exf6 Bxf6 24. N@g4 B@f5 25. Nxf6 Bxd3 26. P@e7+ Kxe7 27. N@g8+ Kf8 28. B@e7+ 
Kg7 29. Nxe8+ Kxg8 30. Nf6+ Kg7 31. B@f8+ Rxf8 32. Bxf8+ Kxf6 33. cxd3 N@c2+ 
34. Kd2 Nxa1 35. B@e5+ Kf5 36. R@g5# 
{Gobi checkmated} 1-0

[Event "fics rated crazyhouse match"]
[Site "fics, Oklahoma City, OK USA"]
[Date "2001.01.25"]
[White "Blechkiste"]
[WhiteElo "2536"]
[Black "liveZ"]
[BlackElo "2374"]
[TimeControl "180+0"]
[Result "1-0"]

1. e4 e6 2. d4 Nc6 3. Be3 Nf6 4. Bd3 d5 5. e5 Ne4 6. Nd2 
Nxd2 7. Qxd2 Bb4 8. c3 Be7 9. N@h5 Bf8 10. Bg5 Qd7 11. Bf6 gxf6 
12. Nxf6+ Kd8 13. Nxd7 Bxd7 14. Q@f6+ B@e7 15. Qxh8 N@h4 16. P@g7 Nxg2+ 17. Kf1 
Nh4 18. gxf8=Q+ Bxf8 19. Qxf8+ N@e8 20. B@g5+ P@e7 
{liveZ resigns} 1-0

[Event "fics rated crazyhouse match"]
[Site "fics, Oklahoma City, OK USA"]
[Date "2001.01.25"]
[White "Blechkiste"]
[WhiteElo "2541"]
[Black "spurs"]
[BlackElo "2228"]
[TimeControl "60+0"]
[Result "1/2-1/2"]

1. e4 e6 2. d4 d5 3. exd5 exd5 4. Bb5+ Bd7 5. Qe2+ Qe7 6. Bxd7+ 
Nxd7 7. Bf4 Qxe2+ 8. Nxe2 Bb4+ 9. Nbc3 Ngf6 10. Bxc7 Bxc3+ 11. Nxc3 P@d2+ 
12. Kd1 N@e4 13. Nxe4 Nxe4 14. N@d6+ Nxd6 15. Bxd6 B@g5 16. N@c7+ Kd8 17. Q@f5 
Q@c1+ 18. Ke2 Qxh1 19. Rxh1 N@c1+ 20. Kd1 R@e1+ 21. Rxe1 dxe1=Q+ 22. Kxe1 R@e2+ 
23. Kd1 Rd2+ 24. Ke1 Re2+ 25. Kd1 Rd2+ 26. Ke1 Re2+ 27. Kd1 Rd2# 
{Game drawn by repetition} 1/2-1/2

[Event "fics rated crazyhouse match"]
[Site "fics, Oklahoma City, OK USA"]
[Date "2001.01.25"]
[White "BarryWhite"]
[WhiteElo "2389"]
[Black "Blechkiste"]
[BlackElo "2535"]
[TimeControl "180+0"]
[Result "0-1"]

1. e4 Nf6 2. Nc3 d5 3. e5 d4 4. exf6 dxc3 5. fxg7 cxd2+ 6. Qxd2 
Qxd2+ 7. Bxd2 Bxg7 8. P@h6 Q@e5+ 9. Q@e2 Qxb2 10. Rd1 N@d4 11. Qd3 Nxc2+ 
12. Qxc2 Qxc2 13. hxg7 Rg8 14. N@e3 Qxa2 15. B@c4 Qb2 16. Bxf7+ Kxf7 17. N@h6+ 
Kxg7 18. Nxg8 Kxg8 19. Bc4+ P@d5 20. Bxd5+ P@e6 21. R@d8+ B@f8 22. Rxc8 exd5 
23. B@e6+ P@f7 24. Bxd5 N@d3+ 25. Kf1 P@c2 26. Re1 c1=Q 
{BarryWhite resigns} 0-1

[Event "fics rated crazyhouse match"]
[Site "fics, Oklahoma City, OK USA"]
[Date "2001.01.25"]
[White "Blechkiste"]
[WhiteElo "2540"]
[Black "BarryWhite"]
[BlackElo "2384"]
[TimeControl "180+0"]
[Result "1-0"]

1. e4 e6 2. d4 d5 3. exd5 exd5 4. Bb5+ Nc6 5. Qe2+ P@e4 6. Nc3 
Nf6 7. P@g5 Ng4 8. h3 Nxf2 9. Qxf2 a6 10. N@e5 Be6 11. Nxc6 bxc6 
12. Bxc6+ P@d7 13. Bxd5 Bb4 14. Bxe6 dxe6 15. B@c6+ B@d7 16. N@e5 O-O 17. Nxd7 
Bxc3+ 18. bxc3 N@f5 19. P@b7 Rb8 20. Nxf8 Qxf8 21. P@a7 Rd8 22. b8=Q N@c8 
23. Qxc7 e3 24. Bxe3 Nxe3 25. Qxe3 N@f5 26. Qd3 B@g3+ 27. Qcxg3 Nxg3 28. Qxg3 
P@b2 29. Rb1 Nd6 30. N@h6+ Kh8 31. P@c7 Rc8 32. Qxd6 
{BarryWhite resigns} 1-0

[Event "fics rated crazyhouse match"]
[Site "fics, Oklahoma City, OK USA"]
[Date "2001.01.25"]
[White "BarryWhite"]
[WhiteElo "2379"]
[Black "Blechkiste"]
[BlackElo "2545"]
[TimeControl "180+0"]
[Result "0-1"]

1. e4 e6 2. d4 d5 3. e5 Nc6 4. Nh3 Qh4 5. Be3 Nh6 6. Bd3 
Ng4 7. O-O Nxe3 8. fxe3 Nxd4 9. Nc3 B@g4 10. exd4 Bxd1 11. Raxd1 Qxd4+ 
12. Kh1 Qxe5 13. B@g3 Qh5 14. N@f4 Qg4 15. N@e3 Qxd1 16. Rxd1 c6 17. Ng5 
P@d4 18. Nexd5 exd5 19. Nfxd5 cxd5 20. Nxd5 R@c5 21. Nxf7 Kxf7 22. P@g6+ hxg6 
23. Bxg6+ Kxg6 24. Nf4+ Kf6 25. Q@g6+ Ke7 26. P@d6+ Kd7 27. P@e6+ Kxd6 28. Nd3+ 
Kd5 29. Nxc5 Kxc5 30. R@e5+ P@d5 31. Qe4 N@f2+ 32. Bxf2 N@g3+ 33. Bxg3 N@f2+ 
34. Bxf2 Bxe6 35. Qxd4+ Kd6 36. P@c5+ Kd7 37. Rxd5+ Bxd5 38. Qxd5+ B@d6 
{BarryWhite forfeits on time} 0-1

[Event "fics rated crazyhouse match"]
[Site "fics, Oklahoma City, OK USA"]
[Date "2001.01.25"]
[White "Fudpucker"]
[WhiteElo "2176"]
[Black "Blechkiste"]
[BlackElo "2549"]
[TimeControl "180+0"]
[Result "0-1"]

1. e4 Nf6 2. Nc3 d5 3. exd5 Nxd5 4. d4 e6 5. Nxd5 exd5 6. Nf3 
Nc6 7. Bb5 Qe7+ 8. N@e5 Qb4+ 9. Bd2 Qxb5 10. Nxc6 bxc6 11. Qe2+ Qxe2+ 
12. Kxe2 Q@e4+ 13. N@e3 N@f4+ 14. Kd1 Nxg2 15. Nxg2 Qxf3+ 16. Q@e2# 
{Fudpucker resigns} 0-1

[Event "fics rated crazyhouse match"]
[Site "fics, Oklahoma City, OK USA"]
[Date "2001.01.25"]
[White "Blechkiste"]
[WhiteElo "2551"]
[Black "Fudpucker"]
[BlackElo "2174"]
[TimeControl "180+0"]
[Result "1-0"]

1. e4 e6 2. d4 Nc6 3. Be3 Nf6 4. Bd3 d6 5. Nc3 Be7 6. a3 
O-O 7. h3 e5 8. d5 Nb8 9. Nf3 c6 10. dxc6 Nxc6 11. P@g5 Nd7 
12. Nd5 P@f4 13. Nxe7+ Qxe7 14. Bd2 N@d4 15. Nxd4 Nxd4 16. h4 Nb6 17. Bc3 
N@e6 18. O-O Nxg5 19. hxg5 Qxg5 20. Bxd4 exd4 21. N@f3 Qxg2+ 22. Kxg2 P@g4 
23. Nxd4 B@f3+ 24. Nxf3 gxf3+ 25. Kxf3 P@e5 26. P@e7 N@d4+ 27. Kg2 Re8 28. N@h6+ 
gxh6 29. N@f6+ Kh8 30. P@g7+ Kxg7 31. Nxe8+ Kg6 32. Q@g7# 
{Fudpucker checkmated} 1-0

[Event "fics rated crazyhouse match"]
[Site "fics, Oklahoma City, OK USA"]
[Date "2001.01.25"]
[White "Fudpucker"]
[WhiteElo "2172"]
[Black "Blechkiste"]
[BlackElo "2553"]
[TimeControl "180+0"]
[Result "0-1"]

1. e4 Nf6 2. Nc3 d5 3. exd5 Nxd5 4. d4 e6 5. Nf3 Nc6 6. Bb5 
Nxc3 7. bxc3 Qd5 8. Bxc6+ Qxc6 9. Bd2 Qe4+ 10. P@e2 N@a3 11. O-O P@b2 
12. Rb1 Nxb1 13. Qxb1 Qxe2 14. N@f4 Qb5 15. a4 Qxa4 16. Qxb2 P@a3 17. Qc1 
P@b2 18. Qe1 R@a1 19. Qxa1 bxa1=Q 20. Rxa1 Qxc2 21. N@e5 P@b2 22. Rf1 b1=Q 
23. R@e1 a2 24. Nxf7 Kxf7 25. Ng5+ Ke8 26. Ngxe6 Qxd2 27. Nxc7+ Kd7 28. Nxa8 
Qdxe1 29. R@c7+ Kd8 30. N@e6+ Bxe6 31. Nxe6+ Qxe6 32. B@h4+ g5 33. Bxg5+ B@e7 
34. Bc1 a1=Q 35. Rxb7 Qxc1 36. P@c7+ Kd7 37. c8=Q+ Kxc8 38. Rc7+ Kd8 
{Fudpucker forfeits on time} 0-1

[Event "fics rated crazyhouse match"]
[Site "fics, Oklahoma City, OK USA"]
[Date "2001.01.25"]
[White "Blechkiste"]
[WhiteElo "2555"]
[Black "Fudpucker"]
[BlackElo "2170"]
[TimeControl "180+0"]
[Result "0-1"]

1. e4 e6 2. d4 Nc6 3. Be3 Nf6 4. Bd3 d6 5. Nc3 Be7 6. a3 
O-O 7. h3 Bd7 8. Nf3 e5 9. dxe5 dxe5 10. P@d5 P@d4 11. dxc6 dxe3 
12. cxd7 exf2+ 13. Kxf2 Bc5+ 14. Kf1 Qxd7 15. Nxe5 Qd4 16. B@g3 P@h4 17. P@e3 
Qxe3 18. Bxh4 B@g3 19. Bxg3 Qxg3 20. N@g4 Nxg4 21. Nxg4 N@e3+ 22. Nxe3 Qxe3 
23. N@h6+ Qxh6 24. P@f2 Bxf2 25. N@e7+ Kh8 26. Ncd5 N@e3+ 27. Kxf2 Nxd1+ 28. Rhxd1 
B@d4+ 29. P@e3 Q@f4+ 30. Nxf4 Qxf4+ 31. Q@f3 Bxe3+ 32. Ke2 N@d4+ 33. Kf1 N@h2+ 
34. Ke1 P@f2+ 35. Qxf2 Qxf2# 
{Blechkiste checkmated} 0-1

[Event "fics rated crazyhouse match"]
[Site "fics, Oklahoma City, OK USA"]
[Date "2001.01.25"]
[White "Fudpucker"]
[WhiteElo "2184"]
[Black "Blechkiste"]
[BlackElo "2541"]
[TimeControl "180+0"]
[Result "1-0"]

1. e4 e6 2. d4 d6 3. Bd3 Nc6 4. Nf3 Nf6 5. O-O Nb4 6. Nc3 
Nxd3 7. cxd3 h6 8. e5 dxe5 9. dxe5 Nd7 10. Bf4 g5 11. Bg3 P@f4 
12. Ne4 fxg3 13. N@f6+ Nxf6 14. Nxf6+ Qxf6 15. exf6 gxf2+ 16. Rxf2 B@c5 17. d4 
P@e3 18. Rf1 B@f2+ 19. Kh1 Bcd6 20. P@g7 Rg8 21. P@h7 Rxg7 22. fxg7 Bxg7 
23. R@g8+ N@f8 24. Rxg7 Nxh7 25. Q@g8+ Kd7 26. B@b5+ c6 27. Qxf7+ P@e7 28. N@e5+ 
Kc7 29. P@c5 Bxc5 30. dxc5 Kb8 31. B@c7+ Kxc7 32. Qd6# 
{Blechkiste checkmated} 1-0

[Event "fics rated crazyhouse match"]
[Site "fics, Oklahoma City, OK USA"]
[Date "2001.01.25"]
[White "Fudpucker"]
[WhiteElo "2196"]
[Black "Blechkiste"]
[BlackElo "2529"]
[TimeControl "180+0"]
[Result "0-1"]

1. e4 e6 2. d4 d6 3. Bd3 Nf6 4. Nf3 Be7 5. O-O Bd7 6. Nc3 
Nc6 7. e5 dxe5 8. dxe5 Ng4 9. Qe2 Nb4 10. P@h3 Nh6 11. Bxh6 gxh6 
12. N@g7+ Kf8 13. Nh5 Nxd3 14. cxd3 P@g6 15. Nf6 B@g7 16. Nxd7+ Qxd7 17. Ne4 
N@f4 18. Qd2 Nxd3 19. B@f6 B@f4 20. Bxe7+ Kxe7 21. B@f6+ Bxf6 22. exf6+ Ke8 
23. B@e7 B@f8 24. N@g7+ Bxg7 25. fxg7 Rg8 26. Nf6+ Kxe7 27. Nxg8+ Rxg8 28. B@h4+ 
g5 29. Qxf4 N@e2+ 30. Kh1 Nexf4 31. B@f8+ Ke8 32. Bxg5 hxg5 33. R@e7+ Qxe7 
34. Bxe7 Kxe7 35. Nxg5 R@g1+ 36. Rxg1 Nxf2# 
{Fudpucker checkmated} 0-1

[Event "fics rated crazyhouse match"]
[Site "fics, Oklahoma City, OK USA"]
[Date "2001.01.25"]
[White "Blechkiste"]
[WhiteElo "2531"]
[Black "Fudpucker"]
[BlackElo "2194"]
[TimeControl "180+0"]
[Result "1-0"]

1. e4 e6 2. d4 Nc6 3. Be3 Nf6 4. Bd3 d6 5. Nc3 Be7 6. a3 
O-O 7. h3 Nxd4 8. Bxd4 e5 9. Be3 P@d4 10. Bxd4 exd4 11. Nb5 B@b6 
12. Nf3 c5 13. P@b4 a6 14. bxc5 dxc5 15. e5 axb5 16. exf6 Bxf6 17. Bxb5 
P@e3 18. fxe3 dxe3 19. Qxd8 Rxd8 20. O-O P@f2+ 21. Kh2 P@g3+ 22. Kh1 N@h4 
23. N@h5 Bg5 24. Q@e5 Nf5 25. P@d7 Bxd7 26. Bxd7 Q@g1+ 27. Rxg1 fxg1=Q+ 28. Rxg1 
P@f2 29. Qxf5 fxg1=Q+ 30. Kxg1 
{Fudpucker forfeits on time} 1-0

[Event "fics rated crazyhouse match"]
[Site "fics, Oklahoma City, OK USA"]
[Date "2001.01.25"]
[White "Fudpucker"]
[WhiteElo "2192"]
[Black "Blechkiste"]
[BlackElo "2533"]
[TimeControl "180+0"]
[Result "0-1"]

1. e4 Nf6 2. Nc3 d5 3. exd5 Nxd5 4. d4 e6 5. Nf3 Nc6 6. Nxd5 
exd5 7. Be2 P@h3 8. N@g5 hxg2 9. Rg1 P@h3 10. Nxf7 Kxf7 11. Ng5+ Ke7 
12. Bg4 N@e4 13. Qe2 Nxd4 14. Nxe4 Nxe2 15. Bg5+ P@f6 16. Nxf6 gxf6 17. Bxf6+ 
Kxf6 18. P@e5+ Ke7 19. P@f6+ Ke8 20. P@g7 Bxg4 21. gxf8=Q+ Rxf8 22. N@g7+ Kf7 
23. B@e6+ Bxe6 24. Nxe6 Kxe6 25. B@g4+ Kxe5 26. Bxe2 Kxf6 27. Rd1 Q@b4+ 28. P@d2 
N@d4 29. N@g4+ Ke7 30. f3 Nxc2+ 31. Kf2 N@e4# 
{Fudpucker checkmated} 0-1

[Event "fics rated crazyhouse match"]
[Site "fics, Oklahoma City, OK USA"]
[Date "2000.01.26"]
[White "pminear"]
[WhiteElo "2362"]
[Black "Ershi"]
[BlackElo "2192"]
[TimeControl "180+0"]
[Result "1-0"]

1. e4 e6 2. Nc3 d5 3. exd5 exd5 4. Bb5+ P@c6 5. Ba4 Bd7 6. Qe2+ 
Qe7 7. d4 Qxe2+ 8. Ngxe2 Nf6 9. f3 Bb4 10. O-O c5 11. Q@c8+ Q@d8 
12. Qxd8+ Kxd8 13. Bxd7 Nbxd7 14. B@g5 Re8 15. P@e5 cxd4 16. exf6 gxf6 17. Nxd4 
Bc5 18. Bge3 Bxd4 19. Bxd4 N@c5 20. B@g3 P@e5 21. Bxc5 Nxc5 22. N@h6 B@d4+ 
23. P@e3 Bxc3 24. bxc3 N@e2+ 25. Kh1 Nxg3+ 26. hxg3 Q@h5+ 27. Q@h2 Qxh2+ 28. Kxh2 
P@h4 29. Nxf7+ Kc8 30. B@f2 hxg3+ 31. Bxg3 Q@h5+ 32. Q@h3+ Qxh3+ 33. gxh3 P@f4 
34. exf4 Q@e2+ 35. Q@g2 Qxg2+ 36. Kxg2 Q@e2+ 37. Q@f2 Qxf2+ 38. Rxf2 exf4 39. Bcxf4 
B@e6 40. N@d6+ Kb8 41. Nxe8 Bxf7 42. Bxc7# 
{Ershi resigns} 1-0

[Event "fics rated crazyhouse match"]
[Site "fics, Oklahoma City, OK USA"]
[Date "2000.01.26"]
[White "Ershi"]
[WhiteElo "2175"]
[Black "pminear"]
[BlackElo "2367"]
[TimeControl "180+0"]
[Result "0-1"]

1. e4 e5 2. Nc3 Nc6 3. Nf3 Bc5 4. Nxe5 Nxe5 5. d4 Bxd4 6. Qxd4 
N@f3+ 7. gxf3 Nxf3+ 8. Kd1 Nxd4 9. Bc4 Q@f3+ 10. B@e2 Qxh1+ 11. N@e1 R@g1 
12. Bd2 P@f3 13. Bxf7+ Kxf7 14. Bc4+ Kf8 15. P@f7 P@e2+ 16. Kc1 Rxe1# 
{Ershi resigns} 0-1

[Event "fics rated crazyhouse match"]
[Site "fics, Oklahoma City, OK USA"]
[Date "2001.01.26"]
[White "Blechkiste"]
[WhiteElo "2535"]
[Black "MrBug"]
[BlackElo "2293"]
[TimeControl "180+0"]
[Result "1-0"]

1. e4 e6 2. d4 Nc6 3. Be3 Nf6 4. Bd3 d6 5. Nc3 e5 6. Nf3 
exd4 7. Nxd4 Be7 8. Nxc6 bxc6 9. N@f5 Bxf5 10. exf5 O-O 11. B@b7 N@e5 
12. Bxa8 Qxa8 13. P@h6 N@g4 14. hxg7 Nxe3 15. gxf8=Q+ Bxf8 16. fxe3 P@f2+ 17. Kxf2 
Neg4+ 18. Ke2 Qe8 19. R@g5+ P@g7 20. R@g3 B@h6 21. P@d7 Qxd7 22. R5xg4 Nxg4 
23. Rxg4 d5 24. N@f6+ Kh8 25. Nxd7 P@d4 
{MrBug resigns} 1-0

[Event "fics rated crazyhouse match"]
[Site "fics, Oklahoma City, OK USA"]
[Date "2001.01.26"]
[White "MrBug"]
[WhiteElo "2290"]
[Black "Blechkiste"]
[BlackElo "2538"]
[TimeControl "180+0"]
[Result "0-1"]

1. e4 e6 2. d4 d5 3. e5 Nc6 4. Nh3 Qh4 5. Be3 Nh6 6. Bxh6 
Qxh6 7. Be2 Qh4 8. N@f3 Qg4 9. O-O Be7 10. c3 h6 11. Nbd2 Bd7 
12. Nb3 B@h5 13. Rc1 Qf5 14. Re1 a5 15. Nbd2 Bg4 16. Bf1 Bxh3 17. gxh3 
N@f4 18. B@g4 Qh7 19. Bg2 h5 20. Nf1 hxg4 21. hxg4 Nxg2 22. Kxg2 Qh3+ 
23. Kg1 Qxg4+ 24. P@g3 P@e4 
{MrBug resigns} 0-1

[Event "fics rated crazyhouse match"]
[Site "fics, Oklahoma City, OK USA"]
[Date "2001.01.26"]
[White "Blechkiste"]
[WhiteElo "2541"]
[Black "MrBug"]
[BlackElo "2287"]
[TimeControl "180+0"]
[Result "1-0"]

1. e4 Nc6 2. d4 e6 3. Nf3 Nf6 4. Nbd2 d6 5. h3 Be7 6. Bb5 
O-O 7. Bxc6 bxc6 8. Qe2 Rb8 9. e5 Nd5 10. Ne4 f5 11. exf6 Nxf6 
12. Neg5 P@f7 13. N@f4 Bd7 14. Nfxe6 Bxe6 15. Nxe6 fxe6 16. Ng5 B@f7 17. Nxe6 
Bxe6 18. Qxe6+ N@f7 19. B@a4 c5 20. P@g5 cxd4 21. gxf6 Bxf6 22. N@c6 N@c5 
23. Nxd8 Rbxd8 24. Qc4 N@h4 25. Bc6 P@e4 26. Q@g3 N@f5 27. Qh2 P@f3 28. g4 
Ng2+ 29. Kd1 Ne7 30. Bb5 c6 31. Ba6 Nxa6 32. B@f1 B@b5 33. P@e6 Ne5 
34. Qxb5 cxb5 35. Bxb5 d3 36. P@f7+ Kh8 37. Bd2 Nxf7 38. exf7 P@e2+ 39. Kc1 
Nc5 40. P@c7 Rc8 41. Qxd6 dxc2 42. Bxe2 fxe2 43. N@c3 Bxc3 44. Bxc3 B@d3 
45. Bxg7# 
{MrBug resigns} 1-0

[Event "fics rated crazyhouse match"]
[Site "fics, Oklahoma City, OK USA"]
[Date "2001.01.26"]
[White "KnightDog"]
[WhiteElo "2377"]
[Black "RFrancisco"]
[BlackElo "2415"]
[TimeControl "60+0"]
[Result "0-1"]

1. f4 Nf6 2. Nf3 g5 3. d4 g4 4. Ne5 d6 5. Nxf7 Kxf7 6. e3 
Rg8 7. Bd3 e6 8. O-O N@h4 9. P@g5 Nc6 10. gxf6 Qxf6 11. N@g5+ Ke7 
12. Qxg4 Nf5 13. Nd2 Nxe3 14. Qh4 Nxf1 15. Qxh7+ R@g7 16. Nxf1 Rxh7 17. Bxh7 
Rxg5 18. P@e5 N@h3# 
{KnightDog resigns} 0-1

[Event "fics rated crazyhouse match"]
[Site "fics, Oklahoma City, OK USA"]
[Date "2001.01.26"]
[White "MrBug"]
[WhiteElo "2284"]
[Black "Blechkiste"]
[BlackElo "2544"]
[TimeControl "180+0"]
[Result "0-1"]

1. e4 e6 2. d4 d6 3. Nc3 Nf6 4. Nf3 Be7 5. Bd3 Nc6 6. O-O 
Bd7 7. a3 h5 8. Qe2 a6 9. Bd2 h4 10. h3 e5 11. dxe5 Nxe5 
12. Nxe5 dxe5 13. N@d5 N@d4 14. Qd1 Nxd5 15. Nxd5 N@c5 16. Be3 Nxd3 17. cxd3 
P@e2 18. Bxd4 exd1=Q 19. Raxd1 exd4 20. Nxe7 Qxe7 21. N@d5 N@e2+ 22. Kh1 Qd6 
23. P@f4 Nxf4 24. Nxf4 Qxf4 25. B@h2 Qxh2+ 26. Kxh2 B@e5+ 27. P@g3 N@g4# 
{MrBug resigns} 0-1

[Event "fics rated crazyhouse match"]
[Site "fics, Oklahoma City, OK USA"]
[Date "2001.01.26"]
[White "RFrancisco"]
[WhiteElo "2422"]
[Black "KnightDog"]
[BlackElo "2367"]
[TimeControl "60+0"]
[Result "1-0"]

1. e4 d5 2. exd5 e5 3. Nf3 e4 4. Qe2 Nf6 5. P@g5 Bg4 6. gxf6 
Qxd5 7. Nc3 Bxf3 8. gxf3 Qe6 9. Nxe4 N@d4 10. B@a4+ Nbc6 11. Qd3 P@d7 
12. Bxc6 Nxc6 13. P@d5 Ne5 14. dxe6 Nxd3+ 15. Bxd3 dxe6 16. fxg7 Bxg7 17. N@f6+ 
Kf8 18. P@e7+ Kxe7 19. N@c5 B@c6 20. N@d5+ exd5 21. Nxd5+ Bxd5 22. P@f6+ Bxf6 
23. Q@d7+ Kf8 24. Nxf6 N@e7 25. B@h6+ P@g7 26. Ne6+ fxe6 27. Qe8# 
{KnightDog forfeits on time} 1-0

[Event "fics rated crazyhouse match"]
[Site "fics, Oklahoma City, OK USA"]
[Date "2001.01.26"]
[White "KnightDog"]
[WhiteElo "2358"]
[Black "RFrancisco"]
[BlackElo "2429"]
[TimeControl "60+0"]
[Result "0-1"]

1. d4 e5 2. Bf4 exf4 3. Nf3 Nc6 4. e3 fxe3 5. fxe3 Nf6 6. Be2 
Ng4 7. P@f2 B@d5 8. O-O P@e4 9. Ne5 Ngxe5 10. dxe5 Nxe5 11. Qxd5 d6 
12. Qxe4 Be7 13. B@a4+ c6 14. N@h5 Bf6 15. P@g5 P@f5 16. gxf6 fxe4 17. fxg7 
Rg8 18. P@f4 N@f6 19. Nxf6+ Qxf6 20. fxe5 Qxg7 21. B@g3 P@f3 22. Bxf3 exf3 
23. N@f4 fxg2 24. Kxg2 P@h3+ 25. Kg1 N@f3+ 26. Kh1 B@g2+ 27. Nxg2 hxg2+ 28. Kxg2 
Nh4+ 29. Kh1 Q@g2# 
{KnightDog checkmated} 0-1

[Event "fics rated crazyhouse match"]
[Site "fics, Oklahoma City, OK USA"]
[Date "2001.01.26"]
[White "RFrancisco"]
[WhiteElo "2435"]
[Black "KnightDog"]
[BlackElo "2349"]
[TimeControl "60+0"]
[Result "1-0"]

1. d4 d5 2. Nf3 e5 3. Nxe5 Nc6 4. Nxc6 bxc6 5. N@e5 Bb4+ 6. c3 
Bd7 7. cxb4 Ne7 8. P@h6 N@f5 9. hxg7 Rg8 10. P@h6 Ng6 11. Nxg6 fxg6 
12. N@e5 Qe7 13. B@g5 N@f6 14. Bxf6 Qxf6 15. b5 B@a5+ 16. Nc3 cxb5 17. e4 
P@e3 18. Bxe3 Nxe3 19. P@f7+ Qxf7 20. Nxf7 Bxc3+ 21. bxc3 N@c2+ 22. Kd2 Nxd1 
23. N@d6+ cxd6 24. Nxd6+ Kd8 25. P@e7+ Kxe7 26. B@f6+ Kxd6 27. Q@c5+ Ke6 28. Qe7# 
{KnightDog checkmated} 1-0

[Event "fics rated crazyhouse match"]
[Site "fics, Oklahoma City, OK USA"]
[Date "2001.01.26"]
[White "Blechkiste"]
[WhiteElo "2547"]
[Black "MrBug"]
[BlackElo "2281"]
[TimeControl "180+0"]
[Result "1-0"]

1. e4 e5 2. Bc4 Nc6 3. Nf3 Bc5 4. d3 d6 5. Ng5 Nh6 6. Na3 
O-O 7. h3 Kh8 8. Bd2 a6 9. c3 Qe7 10. b4 Bb6 11. Nc2 Nd8 
12. Qc1 f6 13. Nf3 Nhf7 14. Ne3 Bxe3 15. Bxe3 Be6 16. Qd2 c6 17. Nh4 
Bxc4 18. dxc4 B@e6 19. Nf5 Bxf5 20. exf5 N@h4 21. B@e4 N@g5 22. Qc2 Nxe4 
23. Qxe4 Nxf5 24. Qxf5 B@g6 25. Qf3 Ne6 26. N@f5 Qd7 27. N@b6 Qc7 28. Nxa8 
Rxa8 29. B@c2 Nfg5 30. Qe2 d5 31. R@e7 Bxf5 32. Rxc7 Bxc2 33. Bxg5 Nxg5 
34. Qxc2 B@e4 35. B@d3 Bxd3 36. Qxd3 B@e4 37. Q@d7 B@h6 38. Qd1 Bxg2 39. Rc8+ 
N@f8 40. Rxa8 N@f3+ 41. Ke2 
{MrBug resigns} 1-0

[Event "fics rated crazyhouse match"]
[Site "fics, Oklahoma City, OK USA"]
[Date "2001.01.26"]
[White "KnightDog"]
[WhiteElo "2341"]
[Black "RFrancisco"]
[BlackElo "2441"]
[TimeControl "60+0"]
[Result "1-0"]

1. d4 Nf6 2. Bf4 Nd5 3. e3 Nxf4 4. exf4 Nc6 5. Nf3 d6 6. Nc3 
Bg4 7. Be2 Bxf3 8. Bxf3 Nxd4 9. Qxd4 B@c5 10. Qa4+ c6 11. Bxc6+ bxc6 
12. Qxc6+ B@d7 13. N@c7+ Qxc7 14. Qxc7 N@e6 15. Qb7 Rd8 16. Nd5 P@c7 17. f5 
N@f4 18. fxe6 Nxe6 19. P@f5 Bb6 20. fxe6 Bxe6 21. B@a4+ P@d7 22. Nf4 Bf5 
23. P@e6 fxe6 24. Bxd7+ Rxd7 25. Qc8+ Rd8 26. P@d7+ Kf7 27. Q@e8# 
{RFrancisco resigns} 1-0

[Event "fics rated crazyhouse match"]
[Site "fics, Oklahoma City, OK USA"]
[Date "2001.01.26"]
[White "RFrancisco"]
[WhiteElo "2431"]
[Black "KnightDog"]
[BlackElo "2354"]
[TimeControl "60+0"]
[Result "1-0"]

1. e4 e5 2. Nf3 Nc6 3. Bc4 Bc5 4. O-O Nf6 5. b4 Bxb4 6. c3 
Bc5 7. d4 exd4 8. cxd4 Nxe4 9. dxc5 P@g3 10. fxg3 Nxg3 11. hxg3 P@f2+ 
12. Rxf2 P@e3 13. Bxe3 d6 14. Bxf7+ Kxf7 15. Ne5+ Ke8 16. P@f7+ Kf8 17. N@g6+ 
hxg6 18. Nxg6# 
{KnightDog checkmated} 1-0

[Event "fics rated crazyhouse match"]
[Site "fics, Oklahoma City, OK USA"]
[Date "2001.01.26"]
[White "MrBug"]
[WhiteElo "2278"]
[Black "Blechkiste"]
[BlackElo "2550"]
[TimeControl "180+0"]
[Result "1-0"]

1. e4 e6 2. d4 Nc6 3. a3 Nf6 4. Nc3 d5 5. e5 Ne4 6. Nh3 
Be7 7. Be2 Bh4 8. O-O Nxc3 9. bxc3 N@e4 10. Bd2 Na5 11. Bd3 Nxd2 
12. Qxd2 Nc4 13. Qe2 Nb6 14. N@h5 O-O 15. Nxg7 B@h6 16. Nh5 f5 17. exf6 
Bxf6 18. Nxf6+ Rxf6 19. B@e5 P@e4 20. Bxf6 Qxf6 21. P@e5 exd3 22. exf6 dxc2 
23. N@g4 Kh8 24. Nxh6 N@f3+ 25. Qxf3 P@d2 26. B@g7# 
{Blechkiste checkmated} 1-0

[Event "fics rated crazyhouse match"]
[Site "fics, Oklahoma City, OK USA"]
[Date "2001.01.26"]
[White "KnightDog"]
[WhiteElo "2346"]
[Black "RFrancisco"]
[BlackElo "2437"]
[TimeControl "60+0"]
[Result "1-0"]

1. d4 Nf6 2. e4 Nxe4 3. Bd3 Nf6 4. Nf3 d5 5. Ne5 Be6 6. Nd2 
Nc6 7. Ndf3 Nxe5 8. Nxe5 P@d6 9. N@g5 dxe5 10. Nxe6 fxe6 11. dxe5 N@f7 
12. exf6 exf6 13. O-O N@e5 14. Re1 Nxd3 15. Rxe6+ Be7 16. Qxd3 B@e4 17. Rxe4 
dxe4 18. P@d7+ Qxd7 19. Qxd7+ Kxd7 20. P@e6+ Ke8 21. exf7+ Kxf7 22. N@g5+ fxg5 
23. B@h5+ Ke6 24. B@h3+ P@f5 25. Q@b3+ P@d5 26. N@d4+ Kd7 27. Bxf5+ Kd6 28. P@e5+ 
Kxe5 29. N@f7+ Kf6 30. Bxg5# 
{RFrancisco checkmated} 1-0